AoeStats
← Frost_Piercer

Arabia

507708847Analyzed
1v1 RM · 13d ago on Sep 19, 2026· 38m 42s· 2 players
Game mode
Random Map
Map size
Tiny (2 player)
Population
200
Speed
Normal
Resources
Standard
Victory
Conquest
Starting age
Dark Age
Ending age
Imperial Age
RankedLock teamsTeams togetherTeam positionsShared explorationLock speedFull tech treeHidden civsTurbo modeCheats
Victory
Defeat
🇩🇪 Italians · Germany
612
+17
🇳🇿 Poles · New Zealand
640
-17
sim_wilhelm
7:55 Loom
10:25 Feudal Age
11:31 Double-Bit Axe
20:52 Castle Age
19:25 Padded Archer Armor
19:19 Fletching
19:47 Stone Mining
21:43 Bow Saw
21:20 Horse Collar
22:25 Heavy Plow
26:50 Bloodlines
26:40 Husbandry
27:57 Wheelbarrow
27:48 Padded Archer Armor
29:35 Ballistics
29:11 Murder Holes
35:50 Imperial Age
33:36 Hand Cart
36:05 Capped Ram
37:46 Onager
Frost_Piercer
10:27 Loom
12:31 Feudal Age
15:51 Horse Collar
18:30 Wheelbarrow
18:57 Double-Bit Axe
19:38 Bloodlines
19:37 Scale Barding Armor
19:49 Forging
22:05 Fletching
27:02 Castle Age
27:00 Town Watch
28:19 Husbandry
35:23 Elite Skirmisher
37:40 Thumb Ring
37:47 Bodkin Arrow
Connection lost

Rejoining the realm…

Still unreachable

The connection could not be restored.

Session expired

The server has moved on; the page needs a fresh start.